 Dungeon Crawl Stone Soup version 0.26-a0-597-gb535b0901c (webtiles) character file.

Game seed: 967942873270222312

9315 Lanoc the Impaler (level 11, -1/89 HPs)
             Began as a Merfolk Delver on Aug 31, 2020.
             Was a Priest of Zin.
             Killed from afar by an ice statue (17 damage)
             ... with a bolt of cold
             ... in an ice cave.
             The game lasted 00:16:51 (11996 turns).

Lanoc the Impaler (Merfolk Delver)                 Turns: 11996, Time: 00:16:52

Health: -1/89      AC:  3    Str: 12    XL:     11   Next: 44%
Magic:  0/16       EV: 20    Int: 10    God:    Zin [***...]
Gold:   246        SH:  8    Dex: 19    Spells: 10/10 levels left

rFire    . . .     SeeInvis +   a - +1 glaive
rCold    . . .     Faith    .   (shield currently unavailable)
rNeg     . . .     Spirit   +   b - +0 leather armour
rPois    .         Reflect  .   (no helmet)
rElec    .         Harm     .   (no cloak)
rCorr    .                      (no gloves)
MR       +....                  (no boots)
Stlth    +++.......             w - brooch of Shielding {Spirit SH+8}
HPRegen  0.24/turn              s - ring of see invisible
MPRegen  0.15/turn              t - ring of protection from magic

@: no status effects
A: change form in water, swift swim, stealthy swim
a: Recite, Vitalisation, Imprison, Donate Gold, Renounce Religion


You were in an ice cave.
You worshipped Zin.
Zin was most pleased with you.
You visited 2 branches of the dungeon, and saw 11 of its levels.
You also visited: Ice Cave.

You collected 446 gold pieces.
You spent 156 gold pieces at shops.
You donated 44 gold pieces to Zin.

Inventory:

Hand Weapons
 a - a +1 glaive (weapon)
 j - a +2 spear of freezing
Armour
 b - a +0 leather armour (worn)
 k - a +0 buckler
Jewellery
 s - a ring of see invisible (left hand)
 t - a ring of protection from magic (right hand)
 w - the brooch of Shielding (around neck) {Spirit SH+8}
   (You found it on level 6 of the Dungeon)

   [amulet of guardian spirit]

   It causes incoming damage to be split between your health and magic.
   It affects your SH (+8).
 E - the ring of Vuent {rC- rCorr Str+7}
   (You took it off an orc wizard on level 9 of the Dungeon)

   [ring of resist corrosion]

   It affects your strength (+7).
   It makes you vulnerable to cold.
   It provides partial protection from all sources of acid and corrosion.
Wands
 g - a wand of digging (1)
 n - a wand of flame (44)
 x - a wand of disintegration (10)
 y - a wand of enslavement (18)
Scrolls
 c - 2 scrolls of fog
 d - 3 scrolls of magic mapping
 f - 6 scrolls of identify
 r - 4 scrolls of remove curse
 D - a scroll of immolation
Potions
 h - a potion of curing
 l - 2 potions of brilliance
 m - a potion of magic
 q - 4 potions of flight
 u - 4 potions of haste
 A - a potion of mutation


   Skills:
 + Level 9.4 Fighting
 * Level 15.4 Polearms
 + Level 10.7 Dodging
 - Level 5.4 Stealth
 + Level 7.9 Invocations


You had 10 spell levels left.
You didn't know any spells.
Your spell library contained the following spells:

 Spells                   Type           Power        Failure   Level
 Animate Skeleton         Necr           #.....       43%         1
 Corona                   Hex            #......      43%         1
 Magic Dart               Conj           #...         43%         1
 Pain                     Necr           #...         43%         1
 Blink                    Tloc           N/A          58%         2
 Call Imp                 Summ           #.......     58%         2
 Ensorcelled Hibernation  Hex/Ice        #.....       58%         2
 Slow                     Hex            #.......     58%         2
 Confusing Touch          Hex            #.......     82%         3
 Conjure Flame            Conj/Fire      #.......     82%         3
 Dazzling Flash           Conj/Hex       #.....       82%         3
 Inner Flame              Hex/Fire       #.......     82%         3
 Mephitic Cloud           Conj/Pois/Air  #.......     82%         3
 Tukima's Dance           Hex            #.......     82%         3
 Vampiric Draining        Necr           #.........   82%         3
 Animate Dead             Necr           #.........   99%         4
 Fulminant Prism          Conj/Hex       #.........   99%         4
 Agony                    Necr           #.......     100%        5
 Silence                  Hex/Air        #.........   100%        5
 Yara's Violent Unravell  Hex/Tmut       #.........   100%        5


Dungeon Overview and Level Annotations

Branches:
Dungeon (12/15)            Temple (1/1) D:5            Lair (0/6) D:11
    Orc (0/2) D:12          IceCv (1/1)

Altars:
Ashenzari
Cheibriados
Dithmenos
Elyvilon
Fedhas
Gozag
Hepliaklqana
Kikubaaqudgha
Makhleb
Nemelex Xobeh
Okawaru
Qazlal
Ru
Sif Muna
Trog
Uskayaw
Vehumet
Wu Jian
Xom
Yredelemnul
Zin
The Shining One

Shops:
D:10 *

Portals:
Abyss: D:8

Annotations:
D:8 Lanoc's ghost, novice FoHu
D:11 exclusion: oklob plant
D:12 Snorg IceCv exclusion: 2 ice statues


Message History

The ice statue is lightly damaged.
The ice statue gestures at you. The shard of ice hits you!!
You reach to attack!
You hit the ice statue but do no damage.
The ice statue is lightly damaged.
The ice statue gestures at you. The shard of ice misses you.
You reach to attack!
You hit the ice statue.
The ice statue is lightly damaged.
The ice statue gestures at you. The freezing blast misses you.
You are engulfed in freezing vapours.
The ice statue gestures at you. The freezing blast engulfs you!
You are engulfed in freezing vapours.
* * * LOW HITPOINT WARNING * * *
The ice statue gestures at you. The bolt of cold hits you!!
You die...

#......†#.......∩.∩..##
##....##....##.......##
#....####..#####....##
#.....######## ##..##
#....##≈≈#≈≈≈# ####
##...##≈≈≈≈≈≈≈≈
#...##≈≈######≈
#..#.≈≈##○##
##.#.≈##.@○##
##..##.☼#☼○###
#.##..###○○○# #....##
###8.# ##..## .# ####
.# !# !. .


You could see an ice statue.

Vanquished Creatures
  A two-headed ogre (D:10)
  A cyclops (D:9)
  A manticore (D:11)
  A rime drake (D:12)
  6 polar bears
  A troll (D:11)
  7 yaks
  A soldier ant (D:9)
  A water moccasin (D:12)
  2 porcupines (D:11)
  3 orc warriors
  2 ice beasts
  2 sky beasts
  2 phantoms
  4 wolves
  8 centaurs
  A crocodile (D:11)
  3 big kobolds
  8 bullfrogs
  A wyvern skeleton (D:6)
  3 scorpions
  4 killer bees (D:8)
  11 wights
  6 howler monkeys
  A quasit (D:9)
  2 bullfrog skeletons
  6 hounds
  3 orc priests
  2 jellies
  7 orc wizards
  3 iguanas
  Natasha (D:3)
  8 worker ants
  A killer bee zombie (D:9)
  A hound skeleton (D:4)
  A worker ant zombie (D:9)
  8 adders
  2 shadow imps
  2 white imps (D:9)
  An ufetubus (D:7)
  An adder zombie (D:8)
  An adder skeleton (D:6)
  2 worms
  4 leopard geckos
  23 orcs
  3 ball pythons
  2 bats (D:3)
  3 giant cockroaches
  2 goblins (D:3)
  4 hobgoblins (D:3)
  16 kobolds
  9 quokkas
  A frilled lizard (D:4)
  A rat (D:3)
201 creatures vanquished.

Vanquished Creatures (others)
  A yak (D:12)
  A fungus (D:11)
2 creatures vanquished.

Grand Total: 203 creatures vanquished

Notes
Turn   | Place    | Note
-------+----------+-------------------------------------------
     0 | D:5      | Lanoc the Merfolk Delver began the quest for the Orb.
     0 | D:5      | Reached XP level 1. HP: 18/18 MP: 1/1
   184 | D:5      | Noticed a phantom
   307 | D:4      | Reached XP level 2. HP: 13/24 MP: 2/2
   459 | D:4      | Reached skill level 4 in Polearms
   494 | D:3      | Reached XP level 3. HP: 26/29 MP: 3/3
   547 | D:3      | Noticed an ice beast
   613 | D:3      | Noticed Natasha
   619 | D:3      | Killed Natasha
   749 | D:3      | Reached XP level 4. HP: 36/37 MP: 4/4
  1030 | D:3      | Reached skill level 5 in Polearms
  1998 | D:4      | Reached XP level 5. HP: 42/42 MP: 5/5
  2589 | D:5      | Reached skill level 6 in Polearms
  2681 | D:5      | Reached XP level 6. HP: 34/49 MP: 6/6
  2719 | D:5      | Found a basalt altar of Yredelemnul.
  2756 | D:5      | Killed a phantom
  2756 | D:5      | Reached skill level 7 in Polearms
  2756 | D:5      | Reached skill level 5 in Dodging
  2759 | D:5      | Identified the Handbook of Hexes
  2913 | D:5      | Found a staircase to the Ecumenical Temple.
  2944 | Temple   | Entered the Ecumenical Temple
  3174 | Temple   | Became a worshipper of the Shining One
  3199 | D:5      | Reached skill level 5 in Fighting
  3243 | D:5      | Noticed an ice beast
  3252 | D:5      | Killed an ice beast
  3252 | D:5      | Reached skill level 1 in Invocations
  3252 | D:5      | Reached XP level 7. HP: 36/56 MP: 7/7
  3308 | D:5      | Reached skill level 8 in Polearms
  3811 | D:6      | Reached skill level 9 in Polearms
  3811 | D:6      | Reached XP level 8. HP: 44/63 MP: 9/9
  3920 | D:6      | Reached * piety under the Shining One
  4040 | D:6      | Found the brooch of Shielding {Spirit SH+8}
  4063 | D:6      | Reached skill level 10 in Polearms
  5141 | D:7      | Reached XP level 9. HP: 54/71 MP: 6/12
  5260 | D:7      | Reached skill level 11 in Polearms
  6241 | D:8      | Found a shimmering blue altar of Sif Muna.
  6437 | D:8      | Noticed a toenail golem
  6447 | D:8      | Found a transporter.
  6472 | D:8      | Found a transporter.
  6491 | D:8      | Noticed a toenail golem
  6520 | D:8      | Found a shimmering altar of Xom.
  6520 | D:8      | Found an ornate altar of the Wu Jian Council.
  6523 | D:8      | Found a sparkling altar of Nemelex Xobeh.
  6888 | D:8      | Found a one-way gate to the infinite horrors of the Abyss.
  6888 | D:8      | Noticed Lanoc's ghost (novice FoHu)
  6899 | D:8      | Noticed an emperor scorpion
  7123 | D:9      | Reached ** piety under the Shining One
  7297 | D:9      | Reached skill level 12 in Polearms
  7297 | D:9      | Reached skill level 5 in Invocations
  7520 | D:9      | Found a sacrificial altar of Ru.
  7520 | D:9      | Found a shattered altar of Ashenzari.
  7526 | D:9      | Found a white marble altar of Elyvilon.
  7691 | D:9      | Noticed a cyclops
  7709 | D:9      | Killed a cyclops
  7709 | D:9      | Reached XP level 10. HP: 44/80 MP: 8/14
  7987 | Temple   | Fell from the grace of the Shining One
  7987 | Temple   | Became a worshipper of Zin the Law-Giver
  7987 | Temple   | Reached * piety under Zin
  7987 | Temple   | Reached ** piety under Zin
  8300 | D:9      | Identified the ring of Vuent {rC- rCorr Str+7}
  8311 | D:9      | Reached skill level 13 in Polearms
  8754 | D:10     | Entered Level 10 of the Dungeon
  8787 | D:10     | Noticed a two-headed ogre
  8795 | D:10     | Killed a two-headed ogre
  8925 | D:10     | Found Ajihabod's Assorted Antiques.
  8938 | D:10     | Bought a potion of heal wounds for 130 gold pieces
  8938 | D:10     | Bought a scroll labeled SYTASCH OLEPHOASU for 26 gold
                  | pieces
  9364 | D:11     | Noticed a manticore
  9373 | D:11     | Killed a manticore
  9373 | D:11     | Reached skill level 14 in Polearms
  9738 | D:11     | Found a staircase to the Lair.
 10175 | D:11     | Found a blossoming altar of Fedhas.
 10265 | D:11     | Reached *** piety under Zin
 10297 | D:11     | Reached skill level 10 in Dodging
 10583 | D:11     | Noticed an oklob plant
 10659 | D:12     | Noticed Snorg
 10659 | D:12     | Noticed a two-headed ogre
 10659 | D:12     | Noticed an unseen horror
 10684 | D:12     | Noticed a cyclops
 10709 | D:12     | Found a frozen archway.
 10734 | D:12     | Reached XP level 11. HP: 22/87 MP: 1/16
 10899 | D:12     | Reached skill level 15 in Polearms
 11121 | IceCv    | Entered an ice cave
 11996 | IceCv    | Killed from afar by an ice statue

Illustrated notes

Levels and vault maps discovered:
D:3:      layout_loops_cross, uniq_natasha
D:4:      layout_gridville
D:5:      layout_basic, old_standard_altar, minmay_temple_entry_slanted,
          chequers_serial_rivers_large_b
D:6:      minmay_octagon_keep, layout_basic
D:7:      layout_basic
D:8:      layout_layer_cave, nicolae_overflow_hidden_temple,
          gammafunk_ghost_abyssal_escape, lemuel_blue_sif_altar
D:9:      layout_basic, gammafunk_temple_overflow_claw
D:10:     layout_loops_ring, serial_shops, shop
D:11:     layout_rooms, grunt_lair_entry_orc_guard_hut, minivault_26,
          grunt_ministairs_12, tgw_fedhas
D:12:     layout_roguey, orc_0_dummy, portal_ice_cave_entry_animals_and_master,
          uniq_snorg
Temple:   regret_index_temple_generic_petals
IceCv:    ice_cave_small_giant

Skill      XL: |  1  2  3  4  5  6  7  8  9 10 11 |
---------------+----------------------------------+-----
Dodging        | 3 4 5 6 7 8 10 | 10.7
Polearms       | 4 5 6 7 9 10 12 14 15 | 15.4
Fighting       | 4 5 6 7 8 9 |  9.4
Invocations    | 1 2 4 5 7 |  7.9
Stealth        | |  5.4

Action                   |  1- 3 |  4- 6 |  7- 9 | 10-12 || total
-------------------------+-------+-------+-------+-------++-------
Melee: Spear             |    13 |       |       |       ||    13
       Glaive            |    36 |   131 |   307 |   263 ||   737
Invok: Recite            |       |       |       |     2 ||     2
       Vitalisation      |       |       |       |     1 ||     1
Evoke: Wand              |       |       |       |     5 ||     5
  Use: Scroll            |     3 |     2 |     2 |    10 ||    17
       Potion            |       |     1 |     4 |     5 ||    10
 Stab: Sleeping          |     7 |     7 |       |     2 ||    16
       Distracted        |     1 |       |       |     4 ||     5
Armor: Leather armour    |     8 |    15 |    16 |    21 ||    60
Dodge: Dodged            |    45 |    88 |   211 |   174 ||   518
Block: Other             |       |       |    68 |    98 ||   166

Table legend: (Time is in decaauts)
 A = Elapsed time spent in this place.
 B = Non-inter-level travel time spent in this place.
 C = Inter-level travel time spent in this place.
 D = Time resting spent in this place.
 E = Time spent auto-exploring this place.
 F = Levels seen in this place.
 G = Mean time per level.
                   A        B        C        D        E       F      G
               +--------+--------+--------+--------+--------+-----+--------+
         Total |  12061 |  11670 |    391 |   1849 |   7770 |  12 | 1005.1 |
       Dungeon |  10899 |  10551 |    348 |   1165 |   7584 |  10 | 1089.9 |
        Temple |    293 |    250 |     43 |      0 |    178 |   1 |  293.0 |
      Ice Cave |    867 |    867 |      0 |    684 |      8 |   1 |  867.0 |
               +--------+--------+--------+--------+--------+-----+--------+

Top non-repeatable levels by time:
     D:4: 1663 daAuts
    D:11: 1651 daAuts
     D:8: 1599 daAuts
     D:9: 1432 daAuts
     D:6: 1142 daAuts
     D:7: 1064 daAuts
     D:5: 980 daAuts
   IceCv: 867 daAuts
     D:3: 667 daAuts
    D:12: 459 daAuts
  Temple: 293 daAuts
    D:10: 238 daAuts
